[Event "EYTCC U18 Girls 2019"]
[Site "Pardubice"]
[Date "2019.07.12"]
[Round "2.28"]
[White "Schneider, Jana"]
[Black "Kuzich, Aryna"]
[Result "1-0"]
[ECO "B20"]
[WhiteElo "2216"]
[BlackElo "1902"]
[Annotator "NA"]
[PlyCount "107"]
[EventDate "2019.07.11"]
[EventType "swiss"]
[EventCountry "CZE"]
[SourceTitle "playchess.com"]
[Source "ChessBase"]
[SourceQuality "1"]
[WhiteTeam "Germany"]
[BlackTeam "Belarus"]
[WhiteTeamCountry "GER"]
[BlackTeamCountry "BLR"]
[TimeControl "40/5400+30:1800+30"]

1. e4 c5 2. c4 d6 3. Nf3 Nf6 4. Nc3 g6 5. d4 cxd4 6. Nxd4 Bg7 7. Be2 O-O 8. Be3 Nc6 9. f3 Bd7 10. Qd2 Re8 11. O-O Rc8 12. Rac1 Ne5 13. b3 Qa5 14. Rfd1 h5 15. Kh1 Kh7 16. h3 Nc6 17. Nc2 Ng8 18. Ne1 Rcd8 19. f4 f5 20. Nf3 Bf6 21. Bd3 e6 22. Nb5 Qxd2 23. Rxd2 fxe4 24. Bxe4 d5 25. Bb1 Bc8 26. Nxa7 Nxa7 27. Bxa7 dxc4 28. Rxc4 Rxd2 29. Nxd2 e5 30. Rc7+ Kh6 31. fxe5 Bg5 32. Nf3 b6 33. Bxb6 Bf4 34. g3 Bxh3 35. gxf4 Bg4 36. Ng5 Re7 37. Rxe7 Nxe7 38. Bc5 Nf5 39. Bf8+ Ng7 40. e6 Be2 41. e7 Bb5 42. Ne6 Bc6+ 43. Kh2 h4 44. Nxg7 h3 45. e8=Q Bxe8 46. Nxe8+ Kh7 47. Bd6 Kh6 48. a4 Kh7 49. a5 Kh6 50. a6 Kh7 51. a7 Kh6 52. a8=Q Kh7 53. Nf6+ Kg7 54. Qf8# 1-0

[Event "EYTCC U18 Girls 2019"]
[Site "Pardubice"]
[Date "2019.07.12"]
[Round "2.29"]
[White "Lehaci, Miruna-Daria"]
[Black "Sahin, Hayrun Nisa"]
[Result "0-1"]
[ECO "B76"]
[WhiteElo "2201"]
[BlackElo "1772"]
[Annotator "NA"]
[PlyCount "108"]
[EventDate "2019.07.11"]
[EventType "swiss"]
[EventCountry "CZE"]
[SourceTitle "playchess.com"]
[Source "ChessBase"]
[SourceQuality "1"]
[WhiteTeam "Romania"]
[BlackTeam "Turkey"]
[WhiteTeamCountry "ROU"]
[BlackTeamCountry "TUR"]
[TimeControl "40/5400+30:1800+30"]

1. e4 c5 2. Nf3 d6 3. d4 cxd4 4. Nxd4 Nf6 5. Nc3 g6 6. Be3 Bg7 7. f3 O-O 8. g4 Bd7 9. Qd2 Nc6 10. O-O-O Rc8 11. h4 Ne5 12. Be2 Qa5 13. g5 Nh5 14. f4 Nc4 15. Bxc4 Rxc4 16. f5 Rfc8 17. Nb3 Bxc3 18. Nxa5 Bxd2+ 19. Bxd2 Rxc2+ 20. Kb1 gxf5 21. Bc3 Re2 22. e5 b6 23. Nb3 Bc6 24. Rhe1 Be4+ 25. Ka1 Rxe1 26. Rxe1 d5 27. Nd4 Nf4 28. Rf1 Ng6 29. h5 Nxe5 30. Nxf5 Bxf5 31. Rxf5 d4 32. Rxe5 dxc3 33. bxc3 Kf8 34. Re3 Rc5 35. Rg3 h6 36. gxh6 Rxh5 37. Kb2 Rxh6 38. Kb3 Rd6 39. Kb4 e5 40. Re3 f6 41. Kb5 Kf7 42. Ka6 Rd7 43. a4 Ke6 44. a5 bxa5 45. Kxa5 f5 46. c4 e4 47. c5 Kd5 48. Kb5 Rb7+ 49. Ka6 Rb2 50. Rc3 Kc6 51. Kxa7 Rb5 52. Rc1 Rxc5 53. Re1 Rb5 54. Rd1 e3 0-1

[Event "EYTCC U18 Girls 2019"]
[Site "Pardubice"]
[Date "2019.07.12"]
[Round "2.30"]
[White "Aydin, Gulenay"]
[Black "Ciolacu, Alessia-Mihaela"]
[Result "0-1"]
[ECO "C48"]
[WhiteElo "1934"]
[BlackElo "2199"]
[Annotator "NA"]
[PlyCount "90"]
[EventDate "2019.07.11"]
[EventType "swiss"]
[EventCountry "CZE"]
[SourceTitle "playchess.com"]
[Source "ChessBase"]
[SourceQuality "1"]
[WhiteTeam "Turkey"]
[BlackTeam "Romania"]
[WhiteTeamCountry "TUR"]
[BlackTeamCountry "ROU"]
[TimeControl "40/5400+30:1800+30"]

1. e4 e5 2. Nf3 Nc6 3. Nc3 Nf6 4. Bb5 Nd4 5. Ba4 Bc5 6. O-O Qe7 7. d3 O-O 8. Nxd4 Bxd4 9. Ne2 Bb6 10. Ng3 d6 11. h3 h6 12. Qf3 Nh7 13. Bb3 Ng5 14. Bxg5 hxg5 15. Rad1 g6 16. c3 Kg7 17. d4 g4 18. hxg4 Qh4 19. g5 Qxg5 20. Qe3 Qh4 21. f4 c5 22. f5 cxd4 23. cxd4 exd4 24. Qd3 Bd7 25. a4 Rae8 26. Rde1 Re5 27. Bc2 Rc8 28. Bb3 f6 29. fxg6 Rg5 30. Nf5+ Bxf5 31. exf5 Kf8 32. a5 Bc5 33. Re4 Rg4 34. Rfe1 Bb4 35. Qc4 Qxe1+ 36. Rxe1 Rxc4 37. Re6 Rc1+ 38. Kh2 d5 39. Rxf6+ Kg7 40. Rf7+ Kh6 41. Bxd5 Bd6+ 42. g3 Rxg3 43. Rh7+ Kg5 44. g7 Kf6 45. Rh6+ Rg6+ 0-1

[Event "EYTCC U18 Girls 2019"]
[Site "Pardubice"]
[Date "2019.07.12"]
[Round "2.31"]
[White "Sliwicka, Alicja"]
[Black "Kucharska, Honorata"]
[Result "1/2-1/2"]
[ECO "C15"]
[WhiteElo "2261"]
[BlackElo "2054"]
[Annotator "NA"]
[PlyCount "79"]
[EventDate "2019.07.11"]
[EventType "swiss"]
[EventCountry "CZE"]
[SourceTitle "playchess.com"]
[Source "ChessBase"]
[SourceQuality "1"]
[WhiteTeam "Poland"]
[BlackTeam "Poland"]
[WhiteTeamCountry "POL"]
[BlackTeamCountry "POL"]
[TimeControl "40/5400+30:1800+30"]

1. e4 e6 2. d4 d5 3. Nc3 Bb4 4. Qd3 dxe4 5. Qxe4 Nf6 6. Qh4 Nc6 7. Nf3 Ne7 8. Bd3 Nf5 9. Bxf5 exf5 10. Bg5 Qe7+ 11. Ne5 Bxc3+ 12. bxc3 Qe6 13. O-O Ne4 14. Rfe1 O-O 15. Nd3 f6 16. Bc1 Qc4 17. Ba3 Rd8 18. Be7 Re8 19. Bb4 Bd7 20. Nb2 Qd5 21. f3 Nd6 22. a4 a5 23. Bxd6 Qxd6 24. Nd3 b6 25. Rxe8+ Rxe8 26. Qf2 Qc6 27. Qd2 Be6 28. Nb2 Bc4 29. Nxc4 Qxc4 30. Kf2 Qc6 31. g3 Qd5 32. Qd3 Rd8 33. Rd1 g6 34. Qb5 Kf7 35. Qxd5+ Rxd5 36. Ke3 Rd7 37. Kd3 Re7 38. Rb1 h5 39. c4 Rd7 40. Kc3 1/2-1/2

[Event "EYTCC U18 Girls 2019"]
[Site "Pardubice"]
[Date "2019.07.12"]
[Round "2.32"]
[White "Malicka, Maria"]
[Black "Sowa, Wiktoria"]
[Result "1/2-1/2"]
[ECO "B33"]
[WhiteElo "2115"]
[BlackElo "2108"]
[Annotator "NA"]
[PlyCount "84"]
[EventDate "2019.07.11"]
[EventType "swiss"]
[EventCountry "CZE"]
[SourceTitle "playchess.com"]
[Source "ChessBase"]
[SourceQuality "1"]
[WhiteTeam "Poland"]
[BlackTeam "Poland"]
[WhiteTeamCountry "POL"]
[BlackTeamCountry "POL"]
[TimeControl "40/5400+30:1800+30"]

1. e4 c5 2. Nf3 Nc6 3. d4 cxd4 4. Nxd4 Nf6 5. Nc3 e5 6. Ndb5 d6 7. Bg5 a6 8. Na3 b5 9. Nd5 Be7 10. Bxf6 Bxf6 11. c3 Bg5 12. Nc2 Ne7 13. h4 Bh6 14. a4 bxa4 15. Ncb4 O-O 16. Qxa4 a5 17. Nxe7+ Qxe7 18. Nd5 Qd8 19. Bb5 Be6 20. Bc6 Rb8 21. b4 axb4 22. cxb4 Kh8 23. b5 Bxd5 24. Bxd5 Qb6 25. O-O Qxb5 26. Qxb5 Rxb5 27. Bxf7 Bd2 28. Rfb1 Bb4 29. h5 Rbb8 30. Ra7 Bc5 31. Rxb8 Rxb8 32. Rd7 Rf8 33. Kf1 g6 34. hxg6 hxg6 35. f3 Kg7 36. Bd5+ Kh6 37. Rf7 Rb8 38. Rb7 Rc8 39. Ke2 Kg5 40. Rf7 Rb8 41. Rb7 Rh8 42. Be6 Rf8 1/2-1/2

[Event "EYTCC U18 Girls 2019"]
[Site "Pardubice"]
[Date "2019.07.12"]
[Round "2.33"]
[White "Kopcova, Ludmila"]
[Black "Katkov, Michelle"]
[Result "1/2-1/2"]
[ECO "E24"]
[WhiteElo "1980"]
[BlackElo "2129"]
[Annotator "NA"]
[PlyCount "118"]
[EventDate "2019.07.11"]
[EventType "swiss"]
[EventCountry "CZE"]
[SourceTitle "playchess.com"]
[Source "ChessBase"]
[SourceQuality "1"]
[WhiteTeam "Czech Republic"]
[BlackTeam "Israel"]
[WhiteTeamCountry "CZE"]
[BlackTeamCountry "ISR"]
[TimeControl "40/5400+30:1800+30"]

1. d4 Nf6 2. c4 e6 3. Nc3 Bb4 4. a3 Bxc3+ 5. bxc3 Nc6 6. e3 O-O 7. Bd3 e5 8. Ne2 e4 9. Bc2 b6 10. Ng3 Ba6 11. Nxe4 Bxc4 12. Nxf6+ Qxf6 13. Bd3 Na5 14. Bxc4 Nxc4 15. O-O d5 16. f3 Qg6 17. Re1 Rae8 18. Ra2 f5 19. Rae2 a5 20. Qb3 Qf7 21. a4 Re6 22. Qc2 Qg6 23. e4 fxe4 24. fxe4 dxe4 25. Qb3 Nd6 26. Ba3 Qf7 27. Bxd6 cxd6 28. h3 Rb8 29. Rf2 Rf6 30. Qxf7+ Kxf7 31. Rxe4 Rxf2 32. Kxf2 Rc8 33. d5 Rxc3 34. Re6 Rb3 35. Rxd6 Ke7 36. Re6+ Kd7 37. Rc6 b5 38. axb5 Rxb5 39. Ra6 Rxd5 40. Ra7+ Ke6 41. Rxg7 Rd7 42. Rg4 Ra7 43. Ra4 Kd5 44. Ke3 Kc5 45. Kd3 Kb5 46. Rf4 Rc7 47. Rf8 a4 48. Ra8 Rd7+ 49. Kc2 Rf7 50. g4 Rf2+ 51. Kb1 Rh2 52. g5 Rxh3 53. Ka2 Rh5 54. Ra7 Kc6 55. g6 hxg6 56. Ra6+ Kb5 57. Rxg6 Rh2+ 58. Ka3 Rh3+ 59. Ka2 Rh4 1/2-1/2

[Event "EYTCC U18 Girls 2019"]
[Site "Pardubice"]
[Date "2019.07.12"]
[Round "2.34"]
[White "Levitan, Ronit"]
[Black "Gresova, Zuzana"]
[Result "0-1"]
[ECO "B22"]
[WhiteElo "2022"]
[BlackElo "1919"]
[Annotator "NA"]
[PlyCount "100"]
[EventDate "2019.07.11"]
[EventType "swiss"]
[EventCountry "CZE"]
[SourceTitle "playchess.com"]
[Source "ChessBase"]
[SourceQuality "1"]
[WhiteTeam "Israel"]
[BlackTeam "Czech Republic"]
[WhiteTeamCountry "ISR"]
[BlackTeamCountry "CZE"]
[TimeControl "40/5400+30:1800+30"]

1. e4 c5 2. c3 d5 3. exd5 Qxd5 4. d4 Nf6 5. Nf3 Bg4 6. Be2 e6 7. h3 Bh5 8. O-O Nc6 9. Be3 cxd4 10. cxd4 Bd6 11. Nc3 Qa5 12. a3 O-O 13. Qb3 Ne7 14. Rac1 Ned5 15. Rfd1 Rab8 16. Bd2 Qd8 17. Bg5 h6 18. Bxf6 gxf6 19. Nxd5 exd5 20. g4 Bg6 21. Nh4 f5 22. Nxg6 fxg6 23. Qxd5+ Kh7 24. Qg2 fxg4 25. hxg4 Rf4 26. Rc3 Qe7 27. Re3 Qg7 28. Re4 Rf6 29. g5 hxg5 30. Qxg5 Rf5 31. Rh4+ Kg8 32. Qg2 b5 33. Rg4 Kh7 34. Rd3 Qf6 35. Rf3 Re8 36. Rxf5 Qxf5 37. Qh3+ Kg7 38. Bd3 Re1+ 39. Kg2 Qd5+ 40. f3 Re6 41. Qh1 Rf6 42. Qd1 a6 43. Be4 Qf7 44. Qd3 Bf4 45. Qb1 g5 46. Kf2 Rh6 47. d5 Qa7+ 48. Ke2 Qe3+ 49. Kf1 Rh1+ 50. Kg2 Qe2+ 0-1

[Event "EYTCC U18 Girls 2019"]
[Site "Pardubice"]
[Date "2019.07.12"]
[Round "2.35"]
[White "Kuhar, Larisa"]
[Black "Urh, Zala"]
[Result "0-1"]
[ECO "C67"]
[WhiteElo "1894"]
[BlackElo "2072"]
[Annotator "NA"]
[PlyCount "96"]
[EventDate "2019.07.11"]
[EventType "swiss"]
[EventCountry "CZE"]
[SourceTitle "playchess.com"]
[Source "ChessBase"]
[SourceQuality "1"]
[WhiteTeam "Slovenia"]
[BlackTeam "Slovenia"]
[WhiteTeamCountry "SLO"]
[BlackTeamCountry "SLO"]
[TimeControl "40/5400+30:1800+30"]

1. e4 e5 2. Nf3 Nc6 3. Bb5 Nf6 4. O-O Nxe4 5. d4 Nd6 6. Bxc6 dxc6 7. dxe5 Nf5 8. Qxd8+ Kxd8 9. Nc3 h6 10. h3 Bd7 11. b3 b6 12. Bb2 Kc8 13. Rad1 Ne7 14. Rd2 c5 15. Rfd1 Be6 16. Ne2 g5 17. h4 g4 18. Nh2 h5 19. Rd8+ Kb7 20. Rxa8 Kxa8 21. Nf4 Ng6 22. Nxg6 fxg6 23. Rd8+ Kb7 24. Nf1 Bg7 25. Rxh8 Bxh8 26. c4 Bg7 27. f4 gxf3 28. gxf3 Bh6 29. Kf2 a6 30. Ne3 Kc6 31. Ke2 b5 32. cxb5+ axb5 33. Kd3 Bf4 34. Ng2 Bg3 35. Ke3 Bh3 36. Nf4 Bf5 37. Ng2 b4 38. f4 Bb1 39. Kf3 Bh2 40. Ne1 Bxa2 41. Nd3 Bxb3 42. Kg2 Bc4 43. Nxb4+ cxb4 44. Kxh2 Kd5 45. Kg3 Ke4 46. Bc1 Be6 47. Kf2 Kd3 48. Bb2 c5 0-1

[Event "EYTCC U18 Girls 2019"]
[Site "Pardubice"]
[Date "2019.07.12"]
[Round "2.36"]
[White "Hercog, Nusa"]
[Black "Kralj, Nika"]
[Result "1/2-1/2"]
[ECO "E73"]
[WhiteElo "2053"]
[BlackElo "1807"]
[Annotator "NA"]
[PlyCount "84"]
[EventDate "2019.07.11"]
[EventType "swiss"]
[EventCountry "CZE"]
[SourceTitle "playchess.com"]
[Source "ChessBase"]
[SourceQuality "1"]
[WhiteTeam "Slovenia"]
[BlackTeam "Slovenia"]
[WhiteTeamCountry "SLO"]
[BlackTeamCountry "SLO"]
[TimeControl "40/5400+30:1800+30"]

1. d4 Nf6 2. c4 g6 3. Nc3 d6 4. e4 Bg7 5. Be2 O-O 6. Bg5 Nc6 7. d5 Ne5 8. Qd2 c6 9. Nf3 Nxf3+ 10. Bxf3 Bd7 11. O-O Rc8 12. Rfe1 cxd5 13. cxd5 Qc7 14. Rac1 Qb8 15. Bd1 b5 16. b4 Rc4 17. a3 Rfc8 18. Bb3 R4c7 19. h3 Be8 20. f4 h6 21. Bh4 Nd7 22. Ne2 Nb6 23. Rxc7 Rxc7 24. Rc1 Kf8 25. Bf2 Nd7 26. Bd4 Rxc1+ 27. Qxc1 Bxd4+ 28. Nxd4 Qb6 29. Qc3 g5 30. Kh2 Nf6 31. fxg5 hxg5 32. Bc2 Bd7 33. g4 Kg7 34. Qd2 Nh7 35. Qc3 f6 36. Kg3 Nf8 37. h4 gxh4+ 38. Kxh4 Ng6+ 39. Kg3 Ne5 40. Bd1 a6 41. Be2 Kg6 42. Qd2 Bc8 1/2-1/2

[Event "EYTCC U18 Girls 2019"]
[Site "Pardubice"]
[Date "2019.07.12"]
[Round "2.37"]
[White "Cvitan, Ena"]
[Black "Pribylova, Sofie"]
[Result "1-0"]
[ECO "A40"]
[WhiteElo "2202"]
[BlackElo "2093"]
[Annotator "NA"]
[PlyCount "85"]
[EventDate "2019.07.11"]
[EventType "swiss"]
[EventCountry "CZE"]
[SourceTitle "playchess.com"]
[Source "ChessBase"]
[SourceQuality "1"]
[WhiteTeam "Croatia"]
[BlackTeam "Czech Republic"]
[WhiteTeamCountry "CRO"]
[BlackTeamCountry "CZE"]
[TimeControl "40/5400+30:1800+30"]

1. d4 g6 2. c4 Bg7 3. e4 c5 4. d5 d6 5. Nc3 e6 6. Nf3 Ne7 7. h3 O-O 8. Bd3 h6 9. O-O e5 10. Nh2 Nd7 11. Ng4 Kh7 12. Ne3 f5 13. exf5 Nxf5 14. Qc2 Ne7 15. Ne4 Nf6 16. Ng3 Qe8 17. a4 b6 18. Bd2 Nfg8 19. a5 Bb7 20. Bc3 Kh8 21. Ra3 Rb8 22. axb6 axb6 23. b4 h5 24. Rb1 Ra8 25. Rab3 Ba6 26. bxc5 bxc5 27. Rb6 Nf6 28. Rxd6 h4 29. Ne4 Nxe4 30. Bxe4 Rf4 31. Re6 Bc8 32. Bxg6 Qf8 33. Rxe5 Nxg6 34. Qxg6 Ra6 35. Qh5+ Rh6 36. Qxh6+ Bxh6 37. Re8+ Kg8 38. Rxf8+ Rxf8 39. Ng4 Bf4 40. Nf6+ Kf7 41. Ne4 Ba6 42. Nxc5 Bxc4 43. Ne6 1-0

[Event "EYTCC U18 Girls 2019"]
[Site "Pardubice"]
[Date "2019.07.12"]
[Round "2.38"]
[White "Nemcova, Karin"]
[Black "Bogdanic, Katarina"]
[Result "1-0"]
[ECO "B42"]
[WhiteElo "1956"]
[BlackElo "1955"]
[Annotator "NA"]
[PlyCount "151"]
[EventDate "2019.07.11"]
[EventType "swiss"]
[EventCountry "CZE"]
[SourceTitle "playchess.com"]
[Source "ChessBase"]
[SourceQuality "1"]
[WhiteTeam "Czech Republic"]
[BlackTeam "Croatia"]
[WhiteTeamCountry "CZE"]
[BlackTeamCountry "CRO"]
[TimeControl "40/5400+30:1800+30"]

1. e4 c5 2. Nf3 e6 3. d4 cxd4 4. Nxd4 a6 5. Bd3 Qc7 6. O-O Nf6 7. Qe2 d6 8. c4 g6 9. Nc3 Bg7 10. Nf3 O-O 11. h3 Nc6 12. Be3 Nd7 13. Rac1 Nce5 14. b3 b6 15. Bb1 Bb7 16. Nh2 Nf6 17. f4 Ned7 18. Nf3 Rac8 19. Qf2 Qb8 20. Bd4 Nc5 21. Rfe1 Qa8 22. Nd2 a5 23. e5 dxe5 24. fxe5 Ne8 25. Nde4 Nxe4 26. Bxe4 f6 27. Bxb7 Qxb7 28. Qe3 fxe5 29. Bxe5 Bxe5 30. Qxe5 Ng7 31. Nb5 Rc5 32. Qe3 Qb8 33. Rcd1 Rd8 34. Rd3 Rxd3 35. Qxd3 Rf5 36. Qe3 Rf6 37. Qd4 Rf4 38. Qe3 Rf6 39. Nd4 Qf8 40. Nf3 Qd6 41. Qe5 Qd8 42. Nd4 Kf7 43. Nb5 Kg8 44. Nd6 Rf8 45. Rf1 Rxf1+ 46. Kxf1 Qf8+ 47. Kg1 Qd8 48. Kh2 Qc7 49. g3 Qe7 50. Ne4 Qd8 51. Qd6 Qxd6 52. Nxd6 Nf5 53. Nc8 Nd4 54. Nxb6 Kf7 55. Kg2 Ke7 56. Kf2 Kd6 57. Na4 h6 58. Nb2 Ke5 59. Nd3+ Ke4 60. Nc5+ Ke5 61. Nb7 Nc6 62. Ke3 Kf5 63. Nd6+ Kf6 64. Ke4 Ke7 65. c5 Nb4 66. Nc4 Nxa2 67. Nxa5 Nc3+ 68. Kd3 Nd5 69. Nc4 Nb4+ 70. Ke4 Na6 71. Kd4 Nb4 72. Ne5 Kf6 73. c6 Nd5 74. b4 Nc7 75. Ng4+ Kg5 76. Ke4 1-0

[Event "EYTCC U18 Girls 2019"]
[Site "Pardubice"]
[Date "2019.07.12"]
[Round "2.39"]
[White "Ferkova, Dominika"]
[Black "Laurincova, Kristyna"]
[Result "1-0"]
[ECO "D86"]
[WhiteElo "2009"]
[BlackElo "2010"]
[Annotator "NA"]
[PlyCount "77"]
[EventDate "2019.07.11"]
[EventType "swiss"]
[EventCountry "CZE"]
[SourceTitle "playchess.com"]
[Source "ChessBase"]
[SourceQuality "1"]
[WhiteTeam "Slovakia"]
[BlackTeam "Czech Republic"]
[WhiteTeamCountry "SVK"]
[BlackTeamCountry "CZE"]
[TimeControl "40/5400+30:1800+30"]

1. d4 Nf6 2. c4 g6 3. Nc3 d5 4. cxd5 Nxd5 5. e4 Nxc3 6. bxc3 Bg7 7. Bc4 c5 8. Ne2 O-O 9. O-O Nc6 10. Be3 Qc7 11. Bb3 Rd8 12. d5 Na5 13. Bf4 Qd7 14. Rb1 b5 15. Bc2 Bb7 16. a4 a6 17. axb5 axb5 18. Be3 Rac8 19. Bd3 Nc4 20. Bxc4 bxc4 21. Rb6 Bc6 22. Qc1 Ba4 23. Qa3 Qc7 24. Ra6 Bc2 25. Ng3 Qe5 26. Bxc5 Bxe4 27. Bxe7 Bd3 28. Bxd8 Bxf1 29. Ra8 Bd3 30. h3 Bf8 31. Qa6 Rxa8 32. Qxa8 Qxc3 33. d6 Kg7 34. d7 Qe1+ 35. Kh2 Qxf2 36. Bf6+ Qxf6 37. d8=Q Qxd8 38. Qxd8 Bc5 39. Qd5 1-0

[Event "EYTCC U18 Girls 2019"]
[Site "Pardubice"]
[Date "2019.07.12"]
[Round "2.40"]
[White "Lhotska, Anna"]
[Black "Sankova, Stella"]
[Result "1/2-1/2"]
[ECO "B40"]
[WhiteElo "1922"]
[BlackElo "1997"]
[Annotator "NA"]
[PlyCount "86"]
[EventDate "2019.07.11"]
[EventType "swiss"]
[EventCountry "CZE"]
[SourceTitle "playchess.com"]
[Source "ChessBase"]
[SourceQuality "1"]
[WhiteTeam "Czech Republic"]
[BlackTeam "Slovakia"]
[WhiteTeamCountry "CZE"]
[BlackTeamCountry "SVK"]
[TimeControl "40/5400+30:1800+30"]

1. e4 c5 2. Nf3 e6 3. d4 cxd4 4. Nxd4 Nf6 5. Nc3 Nc6 6. Be2 Bb4 7. O-O Bxc3 8. bxc3 Nxe4 9. Bd3 Nf6 10. Nb5 O-O 11. Ba3 Ne7 12. Nd6 Ne8 13. Ne4 d5 14. Nd2 Nf6 15. Rb1 Re8 16. c4 Qc7 17. Re1 b6 18. Bb2 dxc4 19. Nxc4 Ned5 20. Be5 Qe7 21. Nd6 Rd8 22. c4 Nc7 23. Re3 Kf8 24. Bxf6 gxf6 25. Nf5 Qc5 26. Qh5 Rxd3 27. Qh6+ Ke8 28. Ng7+ Ke7 29. Rxd3 Qxc4 30. Rbd1 Nd5 31. Nf5+ exf5 32. Rxd5 Be6 33. Qe3 Kf8 34. Qa3+ Ke8 35. R5d2 a5 36. Qf3 Rc8 37. Qg3 Qc7 38. Qg8+ Ke7 39. Qxh7 Qf4 40. Qh3 Qxd2 41. Qf3 Qc3 42. Qb7+ Qc7 43. Qf3 Qc6 1/2-1/2

[Event "EYTCC U18 Girls 2019"]
[Site "Pardubice"]
[Date "2019.07.12"]
[Round "2.41"]
[White "Jaufarally, Nadia"]
[Black "Stroganova, Karina"]
[Result "0-1"]
[ECO "B01"]
[WhiteElo "1944"]
[BlackElo "1875"]
[Annotator "NA"]
[PlyCount "122"]
[EventDate "2019.07.11"]
[EventType "swiss"]
[EventCountry "CZE"]
[SourceTitle "playchess.com"]
[Source "ChessBase"]
[SourceQuality "1"]
[WhiteTeam "England"]
[BlackTeam "Russia"]
[WhiteTeamCountry "ENG"]
[BlackTeamCountry "RUS"]
[TimeControl "40/5400+30:1800+30"]

1. e4 d5 2. exd5 Qxd5 3. Nc3 Qd8 4. d4 Nf6 5. Nf3 g6 6. Be2 Bg7 7. Bf4 O-O 8. Qd2 c5 9. dxc5 Qxd2+ 10. Nxd2 Bf5 11. O-O-O Nbd7 12. Nb3 Rac8 13. c6 bxc6 14. Ba6 Rce8 15. Nd4 Bg4 16. f3 e5 17. Nxc6 exf4 18. fxg4 Re6 19. Bb5 a6 20. Nd4 Rb6 21. Be2 Ne5 22. h3 Rfb8 23. Nb3 Bh6 24. Kb1 a5 25. a4 Rb4 26. Bb5 Ne4 27. Nxe4 Rxe4 28. Rhe1 Re3 29. Nxa5 Bf8 30. Rxe3 fxe3 31. Nc4 Nxc4 32. Bxc4 Bb4 33. Rd7 Bc3 34. b3 Re8 35. Rxf7 Kh8 36. Be2 Bb4 37. Rf3 Bc5 38. Kb2 Rd8 39. Bd3 Rxd3 40. Rf1 Rd2 41. Re1 e2 42. Kc3 Be3 43. a5 Bf4 44. b4 Kg8 45. b5 Rd5 46. Kc4 Re5 47. a6 Re4+ 48. Kb3 Re3+ 49. c3 Bb8 50. Kc4 Ba7 51. Kd5 Re8 52. Kc6 Bf2 53. Rxe2 Rxe2 54. c4 Re4 55. c5 Rc4 56. a7 Rxc5+ 57. Kd7 Rd5+ 58. Kc6 Rd8 59. b6 Kf7 60. Kb7 Kf6 61. Kc7 Rf8 0-1

[Event "EYTCC U18 Girls 2019"]
[Site "Pardubice"]
[Date "2019.07.12"]
[Round "2.42"]
[White "Beliakova, Ilona"]
[Black "Rahulan, Thivyaa"]
[Result "1-0"]
[ECO "A80"]
[WhiteElo "1759"]
[BlackElo "1878"]
[Annotator "NA"]
[PlyCount "55"]
[EventDate "2019.07.11"]
[EventType "swiss"]
[EventCountry "CZE"]
[SourceTitle "playchess.com"]
[Source "ChessBase"]
[SourceQuality "1"]
[WhiteTeam "Russia"]
[BlackTeam "England"]
[WhiteTeamCountry "RUS"]
[BlackTeamCountry "ENG"]
[TimeControl "40/5400+30:1800+30"]

1. d4 f5 2. Nf3 Nf6 3. Bf4 g6 4. e3 Bg7 5. Bc4 e6 6. h3 O-O 7. Nc3 a6 8. d5 d6 9. dxe6 Qe7 10. Nd4 Nc6 11. Bg5 Kh8 12. Nd5 Qe8 13. Nxc7 Qd8 14. Nxa8 d5 15. Bb3 Nxd4 16. Qxd4 Qa5+ 17. c3 Ne4 18. e7 Re8 19. Qa4 Bxc3+ 20. Ke2 b5 21. Qxa5 Bxa5 22. Bh4 Bb7 23. Rhd1 Bxa8 24. Bxd5 Bxd5 25. Rxd5 g5 26. Rxf5 Rxe7 27. Bxg5 Nxg5 28. Rxg5 1-0

[Event "EYTCC U18 Girls 2019"]
[Site "Pardubice"]
[Date "2019.07.13"]
[Round "3.25"]
[White "Muetsch, Annmarie"]
[Black "Salimova, Nurgyul"]
[Result "0-1"]
[ECO "B01"]
[WhiteElo "2266"]
[BlackElo "2416"]
[Annotator "NA"]
[PlyCount "92"]
[EventDate "2019.07.11"]
[EventType "swiss"]
[EventCountry "CZE"]
[SourceTitle "playchess.com"]
[Source "ChessBase"]
[SourceQuality "1"]
[WhiteTeam "Germany"]
[BlackTeam "Bulgaria"]
[WhiteTeamCountry "GER"]
[BlackTeamCountry "BUL"]
[TimeControl "40/5400+30:1800+30"]

1. e4 d5 2. exd5 Qxd5 3. Nc3 Qd6 4. d4 Nf6 5. Nf3 g6 6. Nb5 Qb6 7. c4 c6 8. Nc3 Bg7 9. h3 O-O 10. Bd3 Na6 11. O-O c5 12. dxc5 Nxc5 13. Na4 Nxa4 14. Qxa4 Rd8 15. Bc2 Bd7 16. Qa3 Be6 17. Be3 Qc7 18. Rac1 h6 19. b3 Nh5 20. Qc5 Qxc5 21. Bxc5 Nf4 22. Rcd1 Bf6 23. Kh1 b6 24. Be3 g5 25. Be4 Rac8 26. Nd4 Bxd4 27. Bxd4 Bxc4 28. Bxb6 Rxd1 29. Rxd1 axb6 30. bxc4 Rxc4 31. Bf3 Rc2 32. a4 Rc4 33. Rb1 Rxa4 34. Rxb6 Kg7 35. Kh2 Ra2 36. Kg3 Ng6 37. Rb7 Nh4 38. Bd5 Rd2 39. Be4 f5 40. Bc6 Kf6 41. f4 Rd3+ 42. Bf3 Nxf3 43. gxf3 gxf4+ 44. Kxf4 e5+ 45. Kg3 e4 46. Rb6+ Kg5 0-1

[Event "EYTCC U18 Girls 2019"]
[Site "Pardubice"]
[Date "2019.07.13"]
[Round "3.26"]
[White "Antova, Gabriela"]
[Black "Schneider, Jana"]
[Result "0-1"]
[ECO "D37"]
[WhiteElo "2257"]
[BlackElo "2216"]
[Annotator "NA"]
[PlyCount "108"]
[EventDate "2019.07.11"]
[EventType "swiss"]
[EventCountry "CZE"]
[SourceTitle "playchess.com"]
[Source "ChessBase"]
[SourceQuality "1"]
[WhiteTeam "Bulgaria"]
[BlackTeam "Germany"]
[WhiteTeamCountry "BUL"]
[BlackTeamCountry "GER"]
[TimeControl "40/5400+30:1800+30"]

1. d4 Nf6 2. c4 e6 3. Nf3 d5 4. Nc3 Be7 5. Bf4 O-O 6. e3 c5 7. dxc5 Bxc5 8. Qc2 Nc6 9. a3 Re8 10. Rd1 e5 11. Bg5 d4 12. Nd5 Be7 13. Bxf6 Bxf6 14. Bd3 g6 15. O-O Bg4 16. Nxf6+ Qxf6 17. Be4 Qe7 18. Rfe1 Bxf3 19. Bxf3 d3 20. Qxd3 e4 21. Bxe4 Qxe4 22. Qxe4 Rxe4 23. Rd7 Re7 24. Rd5 Kf8 25. b4 Ke8 26. h3 Rd8 27. Rc1 Red7 28. e4 Ne7 29. Rxd7 Rxd7 30. Rc3 Rd1+ 31. Kh2 Rd4 32. f3 Nc6 33. c5 Ne5 34. Rc2 Kd7 35. Kg3 Kc6 36. Kf4 f6 37. h4 Kb5 38. h5 Ka4 39. c6 bxc6 40. Ke3 Rd3+ 41. Ke2 Rxa3 42. hxg6 hxg6 43. f4 Nd3 44. Rxc6 Nxf4+ 45. Kd2 Nh5 46. e5 fxe5 47. Rxg6 Rg3 48. Ra6+ Kxb4 49. Rxa7 Kc4 50. Ra5 Kd4 51. Ra4+ Kd5 52. Ke2 Rxg2+ 53. Ke3 Rg3+ 54. Kf2 Rb3 0-1

[Event "EYTCC U18 Girls 2019"]
[Site "Pardubice"]
[Date "2019.07.13"]
[Round "3.27"]
[White "Kucharska, Honorata"]
[Black "Lehaci, Miruna-Daria"]
[Result "1/2-1/2"]
[ECO "C01"]
[WhiteElo "2054"]
[BlackElo "2201"]
[Annotator "NA"]
[PlyCount "123"]
[EventDate "2019.07.11"]
[EventType "swiss"]
[EventCountry "CZE"]
[SourceTitle "playchess.com"]
[Source "ChessBase"]
[SourceQuality "1"]
[WhiteTeam "Poland"]
[BlackTeam "Romania"]
[WhiteTeamCountry "POL"]
[BlackTeamCountry "ROU"]
[TimeControl "40/5400+30:1800+30"]

1. e4 e6 2. d4 d5 3. exd5 exd5 4. Nc3 Nc6 5. Bb5 Bb4 6. Nge2 Nge7 7. O-O a6 8. Bd3 O-O 9. Be3 Bf5 10. Ng3 Bxd3 11. Qxd3 Qd7 12. Nce2 Ng6 13. b3 Nce7 14. a3 Ba5 15. c4 dxc4 16. bxc4 c6 17. Rfd1 Rfd8 18. Rac1 b5 19. Qc2 Rac8 20. Ne4 Bb6 21. Bg5 Qa7 22. c5 Bc7 23. Bxe7 Nxe7 24. Ng5 g6 25. Qb3 Rd5 26. Ne4 Kg7 27. N2g3 Bf4 28. Rb1 f5 29. Nc3 Rd7 30. Nf1 Rcd8 31. Ne2 Bg5 32. Qg3 Bf6 33. Nf4 Kh8 34. Ne6 Re8 35. Ne3 Ng8 36. Ng5 Rxd4 37. Rxd4 Bxd4 38. Rc1 Bxc5 39. Rc3 Nf6 40. h3 Bxe3 41. Rxe3 Rxe3 42. fxe3 Qe7 43. Kh1 Kg7 44. Qb8 Nd5 45. Nf3 c5 46. Qa8 Nc7 47. Qc6 Kh6 48. Kh2 Ne8 49. Kh1 Qxe3 50. Qxa6 Qe2 51. Qb7 Ng7 52. Qc7 Ne6 53. Qd6 Qe3 54. Qe7 Qc1+ 55. Kh2 Qf4+ 56. Kh1 Qe4 57. Qd6 c4 58. Qb4 Qd5 59. Qe1 Qe4 60. Qb4 Qe2 61. Qe7 Qe4 62. Qb4 1/2-1/2